 Dungeon Crawl Stone Soup version 0.29.1-12-g30fa7ad0bf (webtiles) character file.

Game seed: 10676341780636652487

119 FexLirch the Trooper (level 4, -3/39 HPs)
             Began as a Palentonga Fighter on Dec 30, 2022.
             Slain by an orc priest
             ... wielding a +0 war axe
              (7 damage)
             ... on level 3 of the Dungeon.
             The game lasted 00:03:31 (2198 turns).

FexLirch the Trooper (Palentonga Fighter)           Turns: 2198, Time: 00:03:31

Health: -3/39      AC:  7    Str: 29    XL:     4   Next: 73%
Magic:  0/4        EV:  7    Int:  8    God:
Gold:   139        SH:  4    Dex: 10    Spells: 3/3 levels left

rFire   . . .      SeeInvis +   a - +0 flail
rCold   . . .      Faith    .   c - +0 buckler
rNeg    + . .      Spirit   +   b - +0 scale mail
rPois   .          Reflect  .   (no helmet)
rElec   .          Harm     .   (no cloak)
rCorr   .          Rampage  .   m - +0 pair of gloves
Will    .....                   (no barding)
Stlth   ..........              i - amulet of guardian spirit
HPRegen 0.13/turn               h - ring of positive energy
MPRegen 0.09/turn               x - +6 ring of strength

@: no status effects
A: large, rugged brown scales 3, see invisible, deformed body, roll 1, armoured
tail
a: Rolling Charge


You were on level 3 of the Dungeon.
You visited 1 branch of the dungeon, and saw 3 of its levels.

You collected 139 gold pieces.

Inventory:

Hand Weapons
 a - a +0 flail (weapon)
Missiles
 y - 2 poisoned darts
Armour
 b - a +0 scale mail (worn)
 c - a +0 buckler (worn)
 m - a +0 pair of gloves (worn)
 v - a +0 tower shield
Jewellery
 h - a ring of positive energy (left hand)
 i - an amulet of guardian spirit (around neck)
 n - a +6 ring of intelligence
 q - a ring of fire
 x - a +6 ring of strength (right hand)
Wands
 s - a wand of flame (11)
 t - a wand of digging (9)
 A - a wand of light (13)
Scrolls
 g - a scroll of immolation
 k - a scroll of blinking {unknown}
 o - a scroll of magic mapping {unknown}
 p - a scroll of enchant weapon {unknown}
 r - a scroll of poison {unknown}
 u - a scroll of butterflies {unknown}
 w - a scroll of identify {unknown}
 B - a scroll of summoning {unknown}
Potions
 d - a potion of might
 e - a potion of invisibility {unknown}
 f - a potion of curing
 j - a potion of brilliance {unknown}
 l - 2 potions of mutation {unknown}
 z - a potion of haste {unknown}
 C - a potion of lignification {unknown}


   Skills:
 + Level 3.8 Fighting
 * Level 3.7 Maces & Flails
 - Level 2.4 Armour
 + Level 3.4 Shields


You had 3 spell levels left.
You didn't know any spells.
Your spell library was empty.

Dungeon Overview and Level Annotations

Branches:
Dungeon (3/15)

Altars:


Innate Abilities, Weirdness & Mutations

You are completely covered in rugged brown scales. (AC +3, +7% HP)
You have supernaturally acute eyesight. (SInv)
Armour fits poorly on your strangely shaped body.
You can roll at nearby foes to attack.
You have a long armoured tail.


Message History

The orc priest hits you with a +0 war axe!
You hit the orc priest.
The orc priest is heavily wounded.
The orc priest hits you with a +0 war axe.
You hit the orc priest.
Your tail-slap misses the orc priest.
The orc priest is severely wounded.
The orc priest casts a cantrip, but nothing happens.
You closely miss the orc priest.
The orc priest is severely wounded.
The orc priest hits you with a +0 war axe.
You barely miss the orc priest.
The orc priest is severely wounded.
The orc priest hits you with a +0 war axe.
You barely miss the orc priest.
The orc priest is severely wounded.
The orc priest hits you with a +0 war axe.
The orc priest looks encouraged for a moment.
You closely miss the orc priest.
The orc priest is severely wounded.
The orc priest barely misses you.
You hit the orc priest.
The orc priest is severely wounded.
The orc priest closely misses you.
You barely miss the orc priest.
The orc priest is severely wounded.
The orc priest hits you with a +0 war axe.
You closely miss the orc priest.
The orc priest is severely wounded.
The orc priest hits you but does no damage.
The orc priest hits you with a +0 war axe.
* * * LOW HITPOINT WARNING * * *
You barely miss the orc priest.
The orc priest is severely wounded.
The orc priest mumbles some strange prayers to Beogh against you.
Beogh smites you!
* * * LOW HITPOINT WARNING * * *
You closely miss the orc priest.
The orc priest is severely wounded.
The orc priest hits you with a +0 war axe!
You die...

.. ... ###.#######
####### #.........#
.#.♣...♣.
#.........##..♣⌠♣.♣⌠♣..
#......).<##...♣...♣..#.
#.........##.♣...♣...♣..
.........@#.♣⌠♣.♣⌠♣.♣⌠♣.
.########o#..♣...♣o..♣..
#..♣...♣...♣..
##♣⌠♣.♣o♣.♣o♣
#.♣..o♣...♣
##..♣...♣...♣
#.♣⌠♣.♣⌠♣.♣⌠♣
##.♣...♣...♣
##..♣...♣..#


You could see an orc priest.

Vanquished Creatures
  Jessica (D:2)
  3 adders (D:2)
  A worm (D:2)
  A dart slug (D:2)
  2 orcs (D:2)
  4 endoplasms
  A giant cockroach (D:2)
  4 hobgoblins
  3 jackals (D:2)
  4 quokkas
  3 ball pythons
  6 bats
  2 frilled lizards (D:2)
  5 goblins
  23 rats
63 creatures vanquished.

Notes
Turn   | Place    | Note
-------+----------+-------------------------------------------
     0 | D:1      | FexLirch the Palentonga Fighter began the quest for the
                  | Orb.
     0 | D:1      | Reached XP level 1. HP: 19/19 MP: 1/1
   612 | D:1      | Reached XP level 2. HP: 25/25 MP: 2/2
   883 | D:2      | Found a faded altar of an unknown god.
  1172 | D:2      | Reached XP level 3. HP: 31/31 MP: 3/3
  1300 | D:2      | Noticed Jessica
  1306 | D:2      | Killed Jessica
  1489 | D:2      | Reached XP level 4. HP: 37/37 MP: 4/4
  2198 | D:3      | Slain by an orc priest

Illustrated notes

Levels and vault maps discovered:
D:1:      nicolae_arrival_washed_ashore, layout_loops_ring, patterned_corridor
D:2:      layout_basic, basic_ecumenical_altar, minmay_rat_hole, uniq_jessica
D:3:      minmay_wonky_spiral, layout_rooms, hangedman_decor_growths,
          kennysheep_doodads, uniq_natasha

Skill      XL: |  1  2  3 |
---------------+----------+-----
Shields        | 3 |  3.4
Maces & Flails | 3 |  3.7
Fighting       | |  3.8
Armour         | |  2.4

Action                   |  1- 3 |  4- 6 || total
-------------------------+-------+-------++-------
Melee: Flail             |    64 |    98 ||   162
       Tailslap          |    10 |    11 ||    21
 Abil: Rolling Charge    |       |     1 ||     1
  Use: Scroll            |       |     1 ||     1
       Potion            |       |     1 ||     1
Armor: Scale mail        |    43 |    55 ||    98
Dodge: Dodged            |    21 |    36 ||    57
Block: Buckler           |    17 |    17 ||    34
